 Dungeon Crawl Stone Soup version 0.29.0-15-g675c0067aa (webtiles) character file.

Game seed: 3110104163225322527

2 qw the Sneak (level 1, -3/14 HPs)
             Began as a Gargoyle Delver on Sept 11, 2022.
             Slain by a scorpion (4 damage)
             ... on level 5 of the Dungeon.
             The game lasted 00:00:01 (66 turns).

qw the Sneak (Gargoyle Delver)                        Turns: 66, Time: 00:00:01

Health: -3/14      AC:  5    Str: 15    XL:     1   Next: 30%
Magic:  1/1        EV: 11    Int: 10    God:
Gold:   31         SH:  0    Dex: 11    Spells: 0/0 levels left

rFire   . . .      SeeInvis .   a - +0 hand axe
rCold   . . .      Faith    .   (no shield)
rNeg    + . .      Spirit   .   b - +0 leather armour
rPois   inf        Reflect  .   (no helmet)
rElec   +          Harm     .   (no cloak)
rCorr   .          Rampage  .   (no gloves)
Will    .....                   (no boots)
Stlth   +++.......              (no amulet)
HPRegen 0.04/turn               (no ring)
MPRegen 0.07/turn               (no ring)

@: no status effects
A: sickness immunity, AC +2, negative energy resistance 1, electricity
resistance, torment resistance 1, petrification resistance
a: no special abilities


You were on level 5 of the Dungeon.
You visited 1 branch of the dungeon, and saw 1 of its levels.

You collected 31 gold pieces.


Innate Abilities, Weirdness & Mutations

You are immune to sickness and miasma.
Your stone body is resilient. (AC +2)
You are immune to poison.
You resist negative energy. (rN+)
You are resistant to electric shocks. (rElec)
You are resistant to unholy torment.
You are immune to petrification.


   Skills:
 - Level 3.2 Fighting
 + Level 2.0 Axes
 - Level 1.5 Dodging
 - Level 5.4 Stealth


You couldn't memorise any spells.
You didn't know any spells.
Your spell library was empty.

Inventory:

Hand Weapons
 a - a +0 hand axe (weapon)
Armour
 b - a +0 leather armour (worn)
 i - a +0 chain mail
Wands
 g - a wand of digging (3)
Scrolls
 c - a scroll of fog
 d - a scroll of magic mapping
 e - a scroll of fear
 h - a scroll of enchant armour {unknown}
Potions
 f - a potion of haste
 j - a potion of might {unknown}
 k - a potion of flight {unknown}

Dungeon Overview and Level Annotations

Branches:
Dungeon (5/15)
 Temple: D:4-7

Altars:
Yredelemnul


Message History

Welcome, qw the Gargoyle Delver.
It is said that the Orb of Zot exists deep within this dungeon.
Press ? for a list of commands and other information.
Found a scroll labelled APNO UPLAD.
Found a stone staircase leading down.
Assign waypoint to what number? (0-9) Waypoint 2 assigned to D:5.
0 ||| PLANNING D:1-11
h - a scroll labelled APNO UPLAD
Found a basalt altar of Yredelemnul.
i - a +0 chain mail
j - a red potion
Enter note: You now have 14 gold pieces.
k - a pink potion You now have 31 gold pieces (gained 17). 2 orcs come into view.
Found a scroll labelled ODWARUS ROIRUUPP.
Enter note: The orc shouts! x2; You hear a shout!
An orc comes into view. It is wielding a +0 dagger.
A scorpion comes into view.
You hit the orc.
The orc is severely wounded.
The orc barely misses you.
You hit the orc.
You kill the orc!
Your Axes skill increases to level 2!
You closely miss the orc. The orc hits you with a +0 hand axe.
The scorpion stings you.
You hit the scorpion but do no damage. You barely miss the orc.
The orc hits you with a +0 hand axe. The scorpion completely misses you.
You hit the scorpion but do no damage. You hit the orc.
The orc barely misses you. The scorpion stings you.
The scorpion barely misses you.
You hit the scorpion but do no damage. You hit the orc but do no damage.
The scorpion stings you.
You die...

#....~.......~.
####..~~~~¤~¤~..
#.#
#...............
?.#
#.........#####
..# #.........#
#..# #....###..#
...#### ....##
##.### .......
....
#...#####s......
..##
###..#..@oo....#
.#
##...##.###..# .
#...# .# #...#
.# #....# .#
....... ..
.......##.#
.......# .#
...######


You could see a scorpion and 2 orcs.

Vanquished Creatures
  An orc (D:5)
1 creature vanquished.

Notes
Turn   | Place    | Note
-------+----------+-------------------------------------------
     0 | D:5      | qw the Gargoyle Delver began the quest for the Orb.
     0 | D:5      | Reached XP level 1. HP: 14/14 MP: 1/1
     0 | D:5      | 0 ||| qw: Version: 0.1-a-117-gfe26ee0
     0 | D:5      | 0 ||| qw: Game counter: 10139
     0 | D:5      | 0 ||| qw: Always use a shield: true
     0 | D:5      | 0 ||| qw: God list: Okawaru
     0 | D:5      | 0 ||| qw: Allow faded altars: false
     0 | D:5      | 0 ||| qw: Do Orc after D:15 true
     0 | D:5      | 0 ||| qw: Do second Lair branch before Depths: true
     0 | D:5      | 0 ||| qw: Lair rune preference: random
     0 | D:5      | 0 ||| qw: Plans: Normal
     0 | D:5      | 0 ||| PLANNING D:1-11
     4 | D:5      | Found a basalt altar of Yredelemnul.
    58 | D:5      | Noticed a scorpion
    65 | D:5      | HP: 1/14 [scorpion (4)]
    66 | D:5      | Slain by a scorpion

Levels and vault maps discovered:
D:5:      layout_rooms, nemelex_dance_club_becter,
          mainiacjoe_overflow_concentric_impassable, serial_curves,
          eino_curves_02, eino_curves_03

Skill      XL: |  1 |
---------------+----+-----
Axes           | 2 |  2.0
Fighting       | |  3.2
Dodging        | |  1.5
Stealth        | |  5.4

Action                   || total
-------------------------++-------
Melee: Hand axe          ||     6
Dodge: Dodged            ||     4

Table legend:
 A = Non-vault XP
 B = Vault XP
 C = Vault XP percentage of total XP
 D = Non-vault monster count
 E = Vault monster count
 F = Vault count percentage of total count
                 A         B        C        D         E       F
            +---------+---------+-------+---------+---------+-------
      Total |       3 |       0 |   0.0 |       1 |       0 |   0.0
            +---------+---------+-------+---------+---------+-------
        D:5 |       3 |       0 |   0.0 |       1 |       0 |   0.0
            +---------+---------+-------+---------+---------+-------
